 Dungeon Crawl Stone Soup version 0.29-a0-553-g81b289dbe5 (webtiles) character file.

Game seed: 16333096420968504450

5586 Patoropollo the Protected (level 10, -3/91 HPs)
             Began as a Minotaur Fighter on June 7, 2022.
             Was a Follower of Trog.
             Slain by a wyvern (8 damage)
             ... on level 8 of the Dungeon.
             The game lasted 00:19:40 (8457 turns).

Patoropollo the Protected (Minotaur Fighter)        Turns: 8457, Time: 00:19:41

Health: -3/91      AC: 12    Str: 26    XL:     10   Next: 45%
Magic:  9/9        EV: 13    Int:  5    God:    Trog [*.....]
Gold:   424        SH: 11    Dex:  9    Spells: 9/9 levels left

rFire   . . .      SeeInvis .   j - +2 whip (freeze)
rCold   . . .      Faith    .   c - +0 buckler
rNeg    + . .      Spirit   .   l - +2 ring mail {rPois}
rPois   +          Reflect  +   (helmet restricted)
rElec   .          Harm     .   (no cloak)
rCorr   .          Rampage  .   w - +2 pair of gloves
Will    .....                   (no boots)
Stlth   ..........              f - amulet of reflection
HPRegen 0.25/turn               d - ring of positive energy
MPRegen 0.11/turn               (no ring)

@: lit by a corona, glowing
A: horns 2, retaliatory headbutt
a: Renounce Religion, Berserk


You were on level 8 of the Dungeon.
You worshipped Trog.
Trog was aware of your devotion.
You visited 2 branches of the dungeon, and saw 10 of its levels.

You collected 424 gold pieces.

Inventory:

Hand Weapons
 a - a +0 flail
 j - a +2 whip of freezing (weapon)
Armour
 c - a +0 buckler (worn)
 l - a +2 ring mail of poison resistance (worn)
 w - a +2 pair of gloves (worn)
Jewellery
 d - a ring of positive energy (left hand)
 f - an amulet of reflection (around neck)
 t - an amulet of faith
 A - an amulet of the acrobat
Scrolls
 i - 2 scrolls of fog
 k - a scroll of vulnerability
 o - 2 scrolls of immolation
 r - a scroll of summoning
Potions
 b - a potion of lignification
 g - 2 potions of degeneration
 h - 2 potions of mutation
 p - a potion of heal wounds
 s - 3 potions of curing
 x - 2 potions of ambrosia
 z - 2 potions of berserk rage


   Skills:
 + Level 9.2 Fighting
 + Level 8.8 Maces & Flails
 + Level 9.2 Armour
 + Level 7.5 Dodging
 + Level 9.2 Shields


You had 9 spell levels left.
You didn't know any spells.
Your spell library contained the following spells:

 Spells                   Type           Power      Damage    Failure   Level
 Apportation              Tloc           0%         N/A       67%         1
 Necrotize                Necr           0%         1d4       67%         1
 Summon Small Mammal      Summ           0%         N/A       67%         1
 Blink                    Tloc           0%         N/A       80%         2
 Confusing Touch          Hex            0%         N/A       95%         3
 Conjure Flame            Conj/Fire      0%         6-21      95%         3
 Ignite Poison            Fire/Tmut/Pois 0%         N/A       95%         3
 Tukima's Dance           Hex            0%         N/A       95%         3
 Passage of Golubria      Tloc           0%         N/A       100%        4
 Sticky Flame             Conj/Fire      0%         2d3       100%        4
 Manifold Assault         Tloc           0%         N/A       100%        5
 Yara's Violent Unravell  Hex/Tmut       0%         3d3       100%        5
 Enfeeble                 Hex            0%         N/A       100%        7
 Storm Form               Tmut/Air       0%         N/A       100%        7


Dungeon Overview and Level Annotations

Branches:
Dungeon (9/15)             Temple (1/1) D:6
   Lair: D:8-11         Orc: D:9-12

Altars:
Ashenzari
Cheibriados
Dithmenos
Elyvilon
Gozag
Hepliaklqana
Kikubaaqudgha
Makhleb
Nemelex Xobeh
Qazlal
Sif Muna
Trog
Uskayaw
Wu Jian
Xom
Yredelemnul
Zin
The Shining One

Shops:
D:4 *   D:5 :

Annotations:
D:7 2 transporters, NateTC's ghost, novice HOFi
D:8 3 runed translucent doors


Innate Abilities, Weirdness & Mutations

You have a pair of horns on your head.
You reflexively headbutt those who attack you in melee.


Message History

The black bear bites you but does no damage.
The black bear claws you.
* * * LOW HITPOINT WARNING * * *
The black bear claws you but does no damage.
You turn to flesh and can move again.
There is a stone staircase leading down here.
Unknown command.
Unknown command.
Unknown command.
Unknown command.
Unknown command.
Unknown command.
Unknown command.
As you read the scroll of summoning, it crumbles to dust.
Wisps of shadow whirl around you... The wyvern barely misses you.
You furiously retaliate!
You headbutt the wyvern. You block the wyvern's attack.
The wyvern bites you but does no damage.
The gnoll shaman closely misses you. The wyvern bites you.
* * * LOW HITPOINT WARNING * * *
The black bear bites you but does no damage.
The black bear barely misses you.
The black bear claws you but does no damage.
Unknown command.
You hit the wyvern. You freeze the wyvern. You headbutt the wyvern.
The wyvern is severely wounded.
The wyvern bites you but does no damage.
The wyvern bites you!
* * * LOW HITPOINT WARNING * * *
You hit the wyvern but do no damage.
The wyvern is severely wounded.
You block the gnoll shaman's attack. You block the black bear's attack.
The black bear claws you but does no damage.
The black bear completely misses you.
Your orc barely misses the black bear.
Your sky beast hits the black bear.
Your sky beast shocks the black bear.
Your kobold hits the gnoll shaman but does no damage.
Your kobold completely misses the gnoll shaman.
Your kobold brigand hits the gnoll shaman with a +0 short sword.
The wyvern bites you!
You die...

#.#..#.#.#.#
#.#..+....#.
#....+u.#...
#....+uu..#.
###....#G#.#ยง#
#...KK.#u...#.
#..YoK####### ######
#..hKgK.K.# #.....
#..l@l.##.# #.....
#######K##.######.....
#.....#...............
#.PPP.#.##.######.....
#...P.'.##.# #.....
#._.P.'.##<# ###.#.
#...P.'....# ###...
#.PPP.###### ###...##
#.....# #...####


You could see 2 ugly things, a black bear (ally target), 2 wyverns, a gnoll
shaman (ally target), a friendly sky beast (summoned), a friendly kobold brigand
(summoned), a friendly orc (summoned) and 6 friendly kobolds.

Vanquished Creatures
  A two-headed ogre (D:7)
  A cyclops (D:8)
  2 gargoyles (D:8)
  A troll (D:8)
  A polar bear (shapeshifter) (D:8)
  5 yaks
  A steam dragon (D:7)
  Menkaure (D:5)
  2 wargs (D:9)
  4 black bears
  3 ice beasts
  An orc warrior (D:8)
  A sky beast (D:7)
  3 centaurs
  2 bullfrogs
  A gnoll sergeant (D:8)
  A necrophage (D:4)
  3 scorpions
  A killer bee (D:8)
  3 howler monkeys (D:8)
  2 jellies
  4 hounds
  4 orc priests
  3 iguanas
  2 orc wizards
  10 gnolls
  12 adders
  2 shadow imps
  2 white imps
  2 ufetubi
  3 worms
  3 dart slugs
  17 orcs
  5 endoplasms
  4 giant cockroaches
  5 goblins
  8 hobgoblins
  7 jackals
  3 quokkas
  12 ball pythons
  11 bats
  3 frilled lizards
  7 kobolds
  5 rats
174 creatures vanquished.

Vanquished Creatures (others)
  3 fungi
  13 plants (D:8)
16 creatures vanquished.

Grand Total: 190 creatures vanquished

Notes
Turn   | Place    | Note
-------+----------+-------------------------------------------
     0 | D:1      | Patoropollo the Minotaur Fighter began the quest for the
                  | Orb.
     0 | D:1      | Reached XP level 1. HP: 19/19 MP: 0/0
    81 | D:1      | Reached XP level 2. HP: 12/27 MP: 1/1
   519 | D:1      | Reached skill level 1 in Dodging
   682 | D:1      | Reached XP level 3. HP: 23/33 MP: 2/2
  1128 | D:2      | Reached XP level 4. HP: 20/40 MP: 3/3
  1293 | D:2      | Found a faded altar of an unknown god.
  2143 | D:3      | Reached XP level 5. HP: 41/47 MP: 4/4
  2576 | D:4      | Noticed a black bear
  2589 | D:4      | Killed a black bear
  2596 | D:4      | Reached XP level 6. HP: 12/55 MP: 5/5
  2599 | D:4      | Reached skill level 5 in Armour
  2998 | D:4      | Reached skill level 5 in Fighting
  2998 | D:4      | Reached skill level 5 in Shields
  3070 | D:4      | You fall into a shaft and drop 1 floor!
  3070 | D:5      | Entered Level 5 of the Dungeon
  3253 | D:4      | Found Naaxoboll's Serpentskin Sales.
  3620 | D:4      | Reached XP level 7. HP: 61/61 MP: 6/6
  3859 | D:5      | Identified the +8 quarterstaff "Giantbane" {elec, rF- rCorr
                  | Dex+2}
  4002 | D:5      | Found Tiodopn's Book Shoppe.
  4004 | D:5      | Found a glowing silver altar of Zin.
  4027 | D:5      | Reached skill level 5 in Maces & Flails
  4065 | D:5      | Noticed Menkaure
  4072 | D:5      | Killed Menkaure
  4369 | D:6      | Reached XP level 8. HP: 63/70 MP: 7/7
  4713 | D:6      | Found a staircase to the Ecumenical Temple.
  4729 | Temple   | Entered the Ecumenical Temple
  4920 | Temple   | Became a worshipper of Trog the Wrathful
  5565 | D:7      | Found a sparkling altar of Nemelex Xobeh.
  5584 | D:7      | Found a transporter.
  5586 | D:7      | Noticed NateTC's ghost (novice HOFi)
  5586 | D:7      | Noticed a troll
  5586 | D:7      | Noticed a kobold demonologist
  5589 | D:7      | Found a transporter.
  5610 | D:7      | Reached skill level 5 in Dodging
  5739 | D:7      | Reached XP level 9. HP: 46/79 MP: 8/8
  6511 | D:7      | Noticed a two-headed ogre
  6525 | D:7      | Killed a two-headed ogre
  6542 | D:7      | Found an opulent altar of Gozag.
  6954 | D:8      | Noticed a polar bear
  6954 | D:8      | a hornet changed into a polar bear
  6965 | D:8      | Killed a polar bear
  7144 | D:8      | Noticed a gargoyle
  7145 | D:8      | Identified the +4 long sword of Famine {elec, +Blink Will+}
  7163 | D:8      | Killed a gargoyle
  7164 | D:8      | Reached XP level 10. HP: 48/90 MP: 9/9
  7165 | D:8      | Noticed a gargoyle
  7171 | D:8      | Noticed a cyclops
  7179 | D:8      | Killed a gargoyle
  7185 | D:8      | Killed a cyclops
  7185 | D:8      | Reached * piety under Trog
  7878 | D:8      | Found a basalt altar of Yredelemnul.
  7886 | D:8      | Found a runed translucent gate.
  7886 | D:8      | Found a runed translucent gate.
  7886 | D:8      | Found a runed translucent gate.
  7887 | D:8      | Noticed a white ugly thing
  7887 | D:8      | Noticed a white ugly thing
  7887 | D:8      | Noticed a green ugly thing
  7888 | D:8      | Noticed a red ugly thing
  7888 | D:8      | Noticed a glowing orange brain
  8027 | D:8      | Found a stormy altar of Qazlal.
  8086 | D:8      | Identified the +1 long sword of the Disturbing Scars
                  | {speed, rF+ MP+9}
  8457 | D:8      | Slain by a wyvern

Illustrated notes

Levels and vault maps discovered:
D:1:      lightli_arrival_farm, layout_rooms
D:2:      layout_rooms, shapermc_ecumenical_altar_acropolis
D:3:      layout_basic, kennysheep_generic_room_3
D:4:      layout_loops_ring, guppyfry_shop_venom
D:5:      layout_basic, mainiacjoe_overflow_boulevard, serial_shops, shop,
          roderic_filled_cross, uniq_menkaure
D:6:      layout_loops_ring, minmay_temple_entry_offerings
D:7:      layout_loops_ring, grunt_gozag_breadcrumbs,
          nemelex_diamond_rough_becter, gammafunk_ghost_arena
D:8:      minmay_the_grid_four_pointed_star
          [minmay_the_grid_triangle_9x9_swiss_cheese,
          minmay_the_grid_triangle_9x9_semitri,
          minmay_the_grid_triangle_9x9_empty,
          minmay_the_grid_triangle_9x9_sprig, minmay_the_grid_prize_trominoes],
          layout_loops_ring, mainiacjoe_overflow_alcove_4, lemuel_round_altar,
          ploomutoo_gammafunk_ghost_potion_laboratory,
          hangedman_abyss_or_decor_lesser_grid, kennysheep_boxes
D:9:      lemuel_castle_with_subvaults [lemuel_castle_interior_carwin_2],
          layout_irregular_city, david_lair_generic
Temple:   dshaligram_water_room_temple

Skill      XL: |  1  2  3  4  5  6  7  8  9 10 |
---------------+-------------------------------+-----
Dodging        | 1 2 3 4 5 6 7 |  7.5
Fighting       | 4 5 6 7 8 9 |  9.2
Armour         | 4 5 6 7 8 9 |  9.2
Shields        | 4 5 6 7 8 9 |  9.2
Maces & Flails | 3 4 5 6 8 |  8.8

Action                   |  1- 3 |  4- 6 |  7- 9 | 10-12 || total
-------------------------+-------+-------+-------+-------++-------
Melee: Flail             |    45 |       |       |       ||    45
       Whip              |    47 |   141 |   316 |    87 ||   591
       Headbutt          |    13 |    31 |    62 |    22 ||   128
  Use: Scroll            |       |       |    15 |     5 ||    20
       Potion            |       |       |     2 |     1 ||     3
Armor: Scale mail        |    48 |    53 |    32 |       ||   133
       Ring mail         |       |       |    59 |    67 ||   126
Dodge: Dodged            |    39 |    46 |   105 |    42 ||   232
Block: Buckler           |    31 |    61 |   131 |    61 ||   284
       Reflection        |     3 |     1 |     8 |     1 ||    13

Table legend: (Time is in decaauts)
 A = Elapsed time spent in this place.
 B = Non-inter-level travel time spent in this place.
 C = Inter-level travel time spent in this place.
 D = Time resting spent in this place.
 E = Time spent auto-exploring this place.
 F = Levels seen in this place.
 G = Mean time per level.
                   A        B        C        D        E       F      G
               +--------+--------+--------+--------+--------+-----+--------+
         Total |   8410 |   7924 |    486 |      0 |   6621 |  10 |  841.0 |
       Dungeon |   8202 |   7812 |    390 |      0 |   6521 |   9 |  911.3 |
        Temple |    207 |    111 |     96 |      0 |    100 |   1 |  207.0 |
               +--------+--------+--------+--------+--------+-----+--------+

Top non-repeatable levels by time:
     D:8: 1692 daAuts
     D:7: 1170 daAuts
     D:6: 1128 daAuts
     D:4: 1047 daAuts
     D:1: 1034 daAuts
     D:3: 808 daAuts
     D:2: 755 daAuts
     D:5: 548 daAuts
  Temple: 207 daAuts
     D:9: 16 daAuts
